 Dungeon Crawl Stone Soup version 0.24.0-123-gd5b16e6ec5 (webtiles) character file.

Game seed: 16102423275486344929, levelgen mode: deterministic

9918 Stornor41 the Infuser (level 11, -2/79 HPs)
             Began as a Centaur Skald on Dec 11, 2019.
             Was a High Priest of Kikubaaqudgha.
             Slain by a cyan ugly thing (15 damage)
             ... on level 11 of the Dungeon on Dec 18, 2019.
             The game lasted 03:44:13 (12776 turns).

Stornor41 the Infuser (Centaur Skald)              Turns: 12776, Time: 03:44:17

Health: -2/79      AC:  7    Str: 15    XL:     11   Next: 29%
Magic:  0/21       EV:  7    Int: 18    God:    Kikubaaqudgha [*****.]
Gold:   638        SH:  2    Dex:  8    Spells: 0/23 levels left

rFire    . . .     SeeInvis .   b - +1 hand crossbow
rCold    x . .     Gourm    .   v - +0 buckler
rNeg     . . .     Faith    .   J - +1 ring mail "Waitso Soat" {rC- Int+3} (curse)
rPois    +         Spirit   +   y - +0 helmet
rElec    .         Reflect  .   H - scarf {Spirit}
rCorr    .         Harm     .   (no gloves)
MR       .....                  (no barding)
Stlth    ++........             A - amulet of rage
HPRegen  1.23/turn              (no ring)
MPRegen  0.17/turn              f - ring of poison resistance

@: regenerating, very quick
A: large, hooves 3, deformed body, speed 2, tough skin 3
a: Receive Corpses, Torment, Renounce Religion, Evoke Berserk Rage


You were on level 11 of the Dungeon.
You worshipped Kikubaaqudgha.
Kikubaaqudgha was extremely pleased with you.
You were not hungry.

You visited 1 branch of the dungeon, and saw 13 of its levels.

You collected 638 gold pieces.

Inventory:

Hand Weapons
 a - the +9 war axe of Governance {elec, rC+ Str+4 Int-2 Dex+3}
   (You found it on level 9 of the Dungeon)

   Occasionally, upon striking a foe, it will discharge some electrical energy
   and cause terrible harm.
   It affects your strength (+4).
   It affects your intelligence (-2).
   It affects your dexterity (+3).
   It protects you from cold.
 b - a +1 hand crossbow (weapon)
 g - a +1 falchion of holy wrath
 l - a +6 scimitar of freezing
 u - a +2 dagger of venom
 w - a +4 scimitar of draining
 x - a +2 war axe of chopping
 z - the +3 Elemental Staff {rElec rF++ rC++ MR++ AC+5}
   (You found it on level 5 of the Dungeon)

   It affects your AC (+5).
   It greatly protects you from fire.
   It greatly protects you from cold.
   It insulates you from electricity.
   It affects your resistance to hostile enchantments.
Missiles
 h - 39 bolts (quivered)
Armour
 e - a +1 cloak
 k - a +0 scale mail
 p - a +2 robe of positive energy
 v - a +0 buckler (worn)
 y - a +0 helmet (worn)
 H - a scarf of spirit shield (worn)
 J - the cursed +1 ring mail "Waitso Soat" (worn) {rC- Int+3}
   (You found it on level 10 of the Dungeon)

   It affects your intelligence (+3).
   It makes you vulnerable to cold.
   It has a curse placed upon it.
Jewellery
 f - a ring of poison resistance (right hand)
 s - an uncursed ring of fire
 A - an amulet of rage (around neck)
Wands
 j - a wand of flame (3)
 m - a wand of polymorph (13)
 r - a wand of disintegration (4)
 E - a wand of paralysis (3)
Scrolls
 c - 6 scrolls of remove curse
 n - 2 scrolls of teleportation
 o - a scroll of fog
Potions
 i - a potion of brilliance
 q - 2 potions of curing
 t - a potion of agility
 B - a potion of berserk rage
 C - a potion of flight
 D - a potion of haste {unknown}
 G - a potion of resistance {unknown}
Miscellaneous
 F - a fan of gales
Comestibles
 d - 20 rations


   Skills:
 - Level 2.0 Fighting
   Level 1.7 Maces & Flails
 + Level 6.2 Crossbows
 - Level 0.6 Armour
 - Level 1.3 Dodging
 + Level 6.1 Stealth
 + Level 6.9 Spellcasting
 + Level 8.6 Charms
 + Level 6.5 Evocations


You couldn't memorise any spells.
You knew the following spells:

 Your Spells              Type           Power        Failure   Level  Hunger
a - Infusion              Chrm           ####         1%          1    None
b - Regeneration          Chrm/Necr      ###.......   19%         3    ##.....
c - Beastly Appendage     Tmut           #.....       36%         1    None
d - Confusing Touch       Hex            #.....       36%         1    None
e - Pain                  Necr           #...         36%         1    None
f - Animate Skeleton      Necr           N/A          36%         1    None
g - Confuse               Hex            #.......     73%         3    ##.....
h - Gell's Gravitas       Tloc           #.........   73%         3    ##.....
i - Animate Dead          Necr           N/A          98%         4    ####...
j - Agony                 Necr           #.......     100%        5    #####..

Your spell library contained the following spells:

 Spells                   Type           Power        Failure   Level  Hunger
 Song of Slaying          Chrm           #####...     1%          2    None
 Shroud of Golubria       Chrm/Tloc      ###...       10%         2    None
 Spectral Weapon          Hex/Chrm       ###.....     19%         3    ##.....
 Flame Tongue             Conj/Fire      #....        36%         1    None
 Sting                    Conj/Pois      #...         36%         1    None
 Poisonous Vapours        Pois/Air       #.....       50%         2    None
 Sticks to Snakes         Tmut           #.......     50%         2    None
 Sublimation of Blood     Necr           #.........   50%         2    None
 Throw Flame              Conj/Fire      #.....       50%         2    None
 Conjure Flame            Conj/Fire      #.......     73%         3    ##.....
 Inner Flame              Hex/Fire       #.......     73%         3    ##.....
 Mephitic Cloud           Conj/Pois/Air  #.......     73%         3    ##.....
 Spider Form              Tmut/Pois      #.........   73%         3    ##.....
 Ice Form                 Ice/Tmut       #.......     98%         4    ####...
 Olgreb's Toxic Radiance  Pois           #.......     98%         4    ####...
 Petrify                  Tmut/Erth      #.......     98%         4    ####...
 Sticky Flame             Conj/Fire      #.......     98%         4    ####...
 Blade Hands              Tmut           #.........   100%        5    #####..
 Borgnjor's Vile Clutch   Necr/Erth      #.........   100%        5    #####..
 Dispel Undead            Necr           #.......     100%        5    #####..
 Fireball                 Conj/Fire      #.........   100%        5    #####..
 Metabolic Englaciation   Hex/Ice        #.........   100%        5    #####..
 Venom Bolt               Conj/Pois      #.........   100%        5    #####..
 Yara's Violent Unravell  Hex/Tmut       #.........   100%        5    #####..
 Simulacrum               Ice/Necr       #.........   100%        6    #######


Dungeon Overview and Level Annotations

Branches:
Dungeon (13/15)            Temple (0/1) D:7            Lair (0/6) D:8
    Orc: D:9-12      Vaults: D:13-14

Altars:
Ashenzari
Elyvilon
Kikubaaqudgha
Makhleb
Nemelex Xobeh
Okawaru
Vehumet
Xom

Shops:
D:5 =   D:8 %

Annotations:
D:12 Jorgrun, Snorg


Innate Abilities, Weirdness & Mutations

You have hooves in place of feet.
Armour fits poorly on your strangely shaped body.
You cover ground very quickly.
You have extremely tough skin. (AC +3)


Message History

Aim: a cyan ugly thing (severely wounded)
You shoot a bolt.
The bolt barely misses the cyan ugly thing.
The cyan ugly thing completely misses you.
Firing (i - inventory)
h - 41 bolts (quivered)
Press: ? - help, Shift-Dir - straight line, f/p - cyan ugly thing
Aim: a cyan ugly thing (severely wounded)
You shoot a bolt. The bolt hits the cyan ugly thing!
The cyan ugly thing is almost dead.
The cyan ugly thing tail-slaps you but does no damage.
Firing (i - inventory)
h - 40 bolts (quivered)
Press: ? - help, Shift-Dir - straight line, f/p - cyan ugly thing
Aim: a cyan ugly thing (almost dead)
You shoot a bolt.
The bolt barely misses the cyan ugly thing.
The cyan ugly thing tail-slaps you.
* * * LOW HITPOINT WARNING * * *
The cyan ugly thing shocks you!
You die...
Kikubaaqudgha rasps: "You have failed me!
Welcome... death!"

#...#
#.#.#
#(#.#
#(#u#
#(#.#
#(#.#
#(#(#
#u#(#
#@#.##
#.#.)#
#.##.#
#.##.#
#.##.#
#.##.## ♣≈
#.##..#
♣♣P♣
#.###.##
♣≈≈≈≈
###.###..#
PP≈≈≈


You could see a cyan ugly thing.

Vanquished Creatures
  A two-headed ogre (D:10)
  An unseen horror (D:10)
  A centaur zombie (D:12)
  A kobold demonologist (D:13)
  A tengu conjurer (D:11)
  A troll (D:8)
  Grinder (D:5)
  A slime creature (D:13)
  Sigmund (D:5)
  A yak (D:9)
  A wraith (D:10)
  2 wyverns
  A human (D:9)
  2 hungry ghosts
  Menkaure (D:5)
  3 orc warriors
  4 ice beasts
  A phantom (D:8)
  A sky beast (D:8)
  7 ogres
  4 wolves (D:8)
  A centaur (D:5)
  4 big kobolds (D:6)
  5 bullfrogs
  A gnoll sergeant (D:9)
  2 scorpions (D:11)
  2 wyvern skeletons
  6 killer bees (D:8)
  4 wights (D:9)
  A howler monkey (D:11)
  9 electric eels
  4 crimson imps
  3 bullfrog zombies
  2 bullfrog skeletons
  6 hounds
  An orc priest (D:6)
  5 centaur skeletons
  2 jellies
  7 orc wizards
  6 iguanas
  2 worker ants
  A hound zombie (D:11)
  2 hound skeletons (D:5)
  21 gnolls
  9 adders
  2 shadow imps
  An ooze (D:4)
  An adder skeleton (D:7)
  A worm (D:2)
  5 dart slugs
  7 leopard geckos
  23 orcs
  5 giant cockroaches
  34 goblins
  18 hobgoblins
  13 jackals
  7 kobolds
  4 quokkas
  2 ball pythons
  8 bats
  6 frilled lizards
  A jackal skeleton (D:2)
  A quokka zombie (D:8)
  5 rats
287 creatures vanquished.

Vanquished Creatures (collateral kills)
  Urug (D:10)
  2 yaks (D:9)
  An ogre (D:7)
  A scorpion (D:6)
  2 crimson imps
  An orc wizard (D:6)
  A worker ant zombie (D:7)
  An orc (D:6)
  2 goblins (D:6)
  2 hobgoblins (D:6)
  3 kobolds
17 creatures vanquished.

Vanquished Creatures (others)
  A shadow imp (D:6)
  A plant (D:11)
  2 spectral weapons (D:5)
4 creatures vanquished.

Grand Total: 308 creatures vanquished

Notes
Turn   | Place    | Note
-------+----------+-------------------------------------------
     0 | D:1      | Stornor41 the Centaur Skald began the quest for the Orb.
     0 | D:1      | Reached XP level 1. HP: 17/17 MP: 3/3
     0 | D:1      | Charms
     0 | D:1      | Crossbows, Stealth,Spellc,Evoc
   120 | D:1      | Reached XP level 2. HP: 15/24 MP: 0/4
   322 | D:1      | Reached skill level 3 in Charms
   978 | D:2      | Reached XP level 3. HP: 15/29 MP: 2/6
   983 | D:2      | Learned a level 3 spell: Regeneration
   986 | D:2      | Learned a level 2 spell: Shroud of Golubria
  1026 | D:2      | Reached skill level 1 in Stealth
  1038 | D:2      | Found an ancient bone altar of Kikubaaqudgha.
  1041 | D:2      | Became a worshipper of Kikubaaqudgha
  1413 | D:2      | Reached XP level 4. HP: 23/36 MP: 1/7
  1592 | D:2      | Found a shimmering altar of Xom.
  1593 | D:2      | Found a shimmering altar of Xom.
  2246 | D:2      | Found a shimmering altar of Xom.
  2249 | D:2      | Found a shimmering altar of Xom.
  2588 | D:3      | Reached * piety under Kikubaaqudgha
  2588 | D:3      | Identified Kikubaaqudgha's Catalogue of Darkness
                  | (Kikubaaqudgha gifted it to you on level 3 of the Dungeon)
  2588 | D:3      | Received a gift from Kikubaaqudgha
  2622 | D:3      | Learned a level 1 spell: Animate Skeleton
  2624 | D:3      | Learned a level 1 spell: Pain
  2641 | D:3      | Reached XP level 5. HP: 18/41 MP: 3/8
  3018 | D:3      | Learned a level 2 spell: Shroud of Golubria
  3577 | D:4      | Noticed an ogre
  3601 | D:4      | Killed an ogre
  3601 | D:4      | Reached skill level 4 in Charms
  3601 | D:4      | Reached skill level 1 in Evocations
  3601 | D:4      | Reached XP level 6. HP: 22/48 MP: 0/10
  3794 | D:4      | Learned a level 2 spell: Song of Slaying
  4438 | D:5      | Entered Level 5 of the Dungeon
  4486 | D:5      | Noticed an ice beast
  4688 | D:5      | Reached XP level 7. HP: 53/55 MP: 8/12
  4744 | D:5      | Noticed Grinder
  4750 | D:5      | Paralysed by Grinder for 6 turns
  4758 | D:5      | Paralysed by Grinder for 6 turns
  4779 | D:5      | Paralysed by Grinder for 2 turns
  4781 | D:5      | Killed Grinder
  4781 | D:5      | Reached skill level 5 in Charms
  4786 | D:5      | Learned a level 3 spell: Spectral Weapon
  4812 | D:5      | Noticed Menkaure
  4826 | D:5      | Killed Menkaure
  5035 | D:5      | Reached XP level 8. HP: 61/61 MP: 8/14
  5039 | D:5      | Learned a level 2 spell: Sublimation of Blood
  5067 | D:5      | Found the +3 Elemental Staff {rElec rF++ rC++ MR++ AC+5}
  5254 | D:5      | Noticed Sigmund
  5266 | D:5      | Killed Sigmund
  5550 | D:5      | Reached ** piety under Kikubaaqudgha
  5683 | D:5      | Found Iddulila's Jewellery Boutique.
  6010 | D:6      | Reached skill level 6 in Charms
  6226 | D:6      | Learned a level 3 spell: Confuse
  6229 | D:6      | Learned a level 1 spell: Confusing Touch
  6292 | D:6      | Reached skill level 5 in Spellcasting
  6585 | D:6      | Reached XP level 9. HP: 67/67 MP: 1/16
  6590 | D:6      | Learned a level 3 spell: Gell's Gravitas
  6624 | D:6      | Reached *** piety under Kikubaaqudgha
  6624 | D:6      | Identified Kikubaaqudgha's Handbook of Evil Rites
                  | (Kikubaaqudgha gifted it to you on level 6 of the Dungeon)
  6624 | D:6      | Received a gift from Kikubaaqudgha
  7085 | D:6      | Reached **** piety under Kikubaaqudgha
  7367 | D:7      | Found a burning altar of Makhleb.
  7657 | D:7      | Found a staircase to the Ecumenical Temple.
  7682 | D:7      | Reached skill level 1 in Crossbows
  7895 | D:7      | Reached skill level 7 in Charms
  8066 | D:7      | Upgraded the game from 0.24.0-41-g2ae2f7f1be to
                  | 0.24.0-123-gd5b16e6ec5
  8387 | D:8      | Reached skill level 5 in Stealth
  8686 | D:8      | Found a staircase to the Lair.
  8797 | D:8      | Reached XP level 10. HP: 17/73 MP: 0/18
  9147 | D:8      | Found a radiant altar of Vehumet.
  9191 | D:8      | Found Imenimn's Food Emporium.
  9369 | D:8      | Reached skill level 5 in Evocations
  9875 | D:9      | Found a white marble altar of Elyvilon.
  9892 | D:9      | Found a sparkling altar of Nemelex Xobeh.
 10005 | D:9      | Reached ***** piety under Kikubaaqudgha
 10023 | D:9      | Got a twisted war axe
 10032 | D:9      | Identified the +9 war axe of Governance {elec, rC+ Str+4
                  | Int-2 Dex+3} (You found it on level 9 of the Dungeon)
 10076 | D:9      | Learned a level 5 spell: Agony
 10216 | D:9      | Found a shattered altar of Ashenzari.
 10741 | D:10     | Entered Level 10 of the Dungeon
 10741 | D:10     | Noticed Urug
 11301 | D:10     | Killed Urug
 11301 | D:10     | Reached skill level 5 in Crossbows
 11301 | D:10     | Reached skill level 8 in Charms
 11643 | D:10     | Got a slimy ring mail
 11654 | D:10     | Identified the cursed +1 ring mail "Waitso Soat" {rC-
                  | Int+3} (You found it on level 10 of the Dungeon)
 11719 | D:10     | Found an iron altar of Okawaru.
 11743 | D:10     | Killed an unseen horror
 11774 | D:10     | Noticed a two-headed ogre
 11792 | D:10     | Killed a two-headed ogre
 11792 | D:10     | Reached XP level 11. HP: 35/79 MP: 0/20
 11809 | D:10     | Learned a level 4 spell: Animate Dead
 11811 | D:10     | Learned a level 1 spell: Beastly Appendage
 11928 | D:11     | You fall into a shaft and drop 2 floors!
 11976 | D:13     | Noticed a soul eater
 11982 | D:13     | Noticed a sun demon
 12059 | D:12     | Noticed Snorg
 12059 | D:12     | Noticed Jorgrun
 12059 | D:12     | Noticed a wizard
 12714 | D:11     | Noticed a cyan ugly thing
 12776 | D:11     | Slain by a cyan ugly thing

Levels and vault maps discovered:
D:1:      dpeg_arrival_round_a, layout_basic
D:2:      layout_basic, overflow_temple_1_default, xom_redecorated,
          minmay_misc_feat_enclosed
D:3:      layout_rooms, first_ration
D:4:      layout_cave_pools, grunt_decor_cap, uniq_eustachio
D:5:      layout_basic, serial_shops, nicolae_shop_crystal, serial_glass,
          glass_columns_b, glass_columns_a, uniq_menkaure, uniq_sigmund,
          uniq_grinder
D:6:      minmay_goblin_kobold_castle, layout_loops_corners
D:7:      layout_loops_ring, nicolae_overflow_crystal_walls,
          minmay_temple_entry_mini_moons
D:8:      layout_loops_ring, old_standard_altar, erik_lair_island, serial_shops,
          nicolae_shop_crystal
D:9:      layout_irregular_city, nicolae_overflow_hidden_temple,
          kennysheep_little_box, grunt_pizzeria, nemelex_diamond_rough_becter
D:10:     layout_loops_ring, okawaru_trees_2, uniq_urug
D:11:     layout_big_octagon, serial_bayou, serial_bayou_lake_a,
          serial_bayou_shore_a, serial_bayou_lagoon_a, serial_bayou_pond_a
D:12:     layout_loops_ring, hiddenorc1_lemuel, uniq_snorg, uniq_jorgrun
D:13:     layout_loops_cross

Skill      XL: |  1  2  3  4  5  6  7  8  9 10 11 |
---------------+----------------------------------+-----
Charms         | 3 4 5 6 7 8 |  8.6
Spellcasting   | 2 3 4 5 6 |  6.9
Stealth        | 1 2 3 4 5 6 |  6.1
Evocations     | 1 3 4 6 |  6.5
Crossbows      | 3 5 6 |  6.2
Fighting       | |  2.0
Maces & Flails | |  1.7
Armour         | |  0.6
Dodging        | |  1.3

Action                   |  1- 3 |  4- 6 |  7- 9 | 10-12 || total
-------------------------+-------+-------+-------+-------++-------
Melee: Mace              |    61 |       |       |       ||    61
       Kick              |    11 |    24 |    57 |    50 ||   142
       Flail             |     8 |   155 |       |       ||   163
       Scimitar          |       |    15 |    27 |       ||    42
       Staff             |       |       |   331 |    90 ||   421
       War axe           |       |       |       |   131 ||   131
 Fire: Hand crossbow     |       |       |    58 |    82 ||   140
Throw: Boomerang         |       |    28 |       |       ||    28
 Cast: Infusion          |    16 |    37 |    35 |    33 ||   121
       Shroud of Golubri |     3 |       |    28 |    24 ||    55
       Pain              |       |     2 |     3 |       ||     5
       Song of Slaying   |       |     1 |    18 |     4 ||    23
       Regeneration      |       |       |    13 |    22 ||    35
       Spectral Weapon   |       |       |     7 |       ||     7
       Animate Skeleton  |       |       |    30 |    25 ||    55
       Confusing Touch   |       |       |     3 |     5 ||     8
Invok: Receive Corpses   |       |       |     1 |     1 ||     2
 Abil: Evoke Berserk Rag |       |       |     1 |       ||     1
Evoke: Wand              |       |     8 |     9 |    16 ||    33
       Fan of gales      |       |       |       |     1 ||     1
  Use: Scroll            |     3 |     6 |     4 |    14 ||    27
       Potion            |     1 |       |    10 |     8 ||    19
 Stab: Paralysed         |       |     7 |       |     3 ||    10
       Sleeping          |       |       |     1 |     2 ||     3
       Confused          |       |       |     1 |     1 ||     2
  Eat: Chunk             |     2 |     9 |    15 |    16 ||    42
       Ration            |       |       |     1 |       ||     1
Armor: Leather armour    |    11 |       |       |       ||    11
       Ring mail         |    24 |    10 |       |    59 ||    93
       Scale mail        |       |   113 |    18 |       ||   131
       Skin              |       |     2 |     1 |       ||     3
       Robe              |       |       |   310 |    78 ||   388
Dodge: Dodged            |    20 |    93 |   320 |   187 ||   620
       Rpst.: Scimitar   |       |     2 |     5 |       ||     7
